 Dungeon Crawl Stone Soup version 0.30.0-5-g1a98f26d00 (webtiles) character file.

Game seed: 5563006512880793803

11498 greasedhog the Impaler (level 12, 0/98 HPs)
             Began as a Formicid Fighter on May 11, 2023.
             Was a Priest of Qazlal.
             Slain by a freezing wraith (3 damage)
             ... in an ice cave on May 13, 2023.
             The game lasted 00:18:34 (10858 turns).

greasedhog the Impaler (Formicid Fighter)          Turns: 10858, Time: 00:18:35

Health: 0/98       AC: 14    Str: 26    XL:     12   Next: 8%
Magic:  12/12      EV: 12    Int:  8    God:    Qazlal [***...]
Gold:   845        SH: 13    Dex: 13    Spells: 11/11 levels left

rFire   . . .        I - +0 glaive
rCold   + . .        C - +0 kite shield
rNeg    + . .        w - +2 chain mail {rC+}
rPois   .            (helmet unavailable)
rElec   .            y - +1 cloak
rCorr   .            (no gloves)
SInv    +            (no boots)
Will    +....        h - amulet of the acrobat Stlth
                     j - ring of positive energy
HPRegen 0.36/turn    E - +5 ring of evasion
MPRegen 0.13/turn

%: acrobat
@: mighty, studying Shields
A: permanent stasis, dig shafts and tunnels, antennae 3, four strong arms
a: Dig, Renounce Religion, Upheaval, Elemental Force


You were in an ice cave.
You worshipped Qazlal.
Qazlal was most pleased with you.
You visited 3 branches of the dungeon, and saw 12 of its levels.
You also visited: Ice Cave.

You collected 845 gold pieces.

Inventory:

Hand Weapons
 I - a +0 glaive (weapon)
Armour
 w - a +2 chain mail of cold resistance (worn)
 y - a +1 cloak (worn)
 C - a +0 kite shield (worn)
Jewellery
 h - an amulet of the acrobat (around neck)
 j - a ring of positive energy (left hand)
 E - a +5 ring of evasion (right hand)
 H - a +6 ring of dexterity
Wands
 r - a wand of flame (9)
 z - a wand of digging (8)
 G - a wand of light (1)
Scrolls
 c - 3 scrolls of identify
 i - a scroll of immolation
 k - 2 scrolls of fear
 m - 2 scrolls of fog
 n - 3 scrolls of magic mapping {unknown}
 o - 3 scrolls of poison {unknown}
 s - a scroll of acquirement {unknown}
 v - a scroll of amnesia {unknown}
 x - 2 scrolls of enchant weapon
 A - a scroll of noise {unknown}
 B - a scroll of enchant armour
 D - a scroll of torment {unknown}
Potions
 a - a potion of degeneration {unknown}
 b - 2 potions of mutation {unknown}
 d - a potion of might
 e - a potion of haste
 f - 2 potions of curing
 g - 4 potions of flight
 l - 2 potions of brilliance {unknown}
 p - 3 potions of attraction {unknown}
 q - 2 potions of heal wounds {unknown}
 t - 3 potions of lignification {unknown}
 u - a potion of magic {unknown}
 F - a potion of resistance {unknown}


   Skills:
 - Level 10.5 Fighting
 * Level 15.0 Polearms
 + Level 6.9 Armour
 - Level 4.0 Shields


You had 11 spell levels left.
You didn't know any spells.
Your spell library contained the following spells:

 Spells                   Type           Power      Damage    Failure   Level
 Freeze                   Ice            0%         1d3       98%         1
 Frozen Ramparts          Ice            0%         1d1       100%        3
 Gell's Gravitas          Tloc           0%         N/A       100%        3
 Hailstorm                Conj/Ice       0%         3d3       100%        3
 Inner Flame              Hex/Fire       0%         N/A       100%        3
 Teleport Other           Tloc           0%         N/A       100%        3
 Tukima's Dance           Hex            0%         N/A       100%        3
 Ice Form                 Ice/Tmut       0%         N/A       100%        4
 Passage of Golubria      Tloc           0%         N/A       100%        4
 Summon Ice Beast         Ice/Summ       0%         N/A       100%        4
 Silence                  Hex/Air        0%         N/A       100%        5
 Yara's Violent Unravell  Hex/Tmut       0%         3d3       100%        5
 Dispersal                Tloc           0%         N/A       100%        6
 Enfeeble                 Hex            0%         N/A       100%        7
 Lehudib's Crystal Spear  Conj/Erth      0%         10d2      100%        8


Dungeon Overview and Level Annotations

Branches:
Dungeon (10/15)            Temple (1/1) D:7            Lair (0/5) D:10
    Orc (1/2) D:9           IceCv (1/1)

Altars:
Ashenzari
Cheibriados
Dithmenos
Elyvilon
Fedhas
Gozag
Hepliaklqana
Kikubaaqudgha
Makhleb
Nemelex Xobeh
Okawaru
Qazlal
Ru
Sif Muna
Trog
Uskayaw
Vehumet
Wu Jian
Xom
Yredelemnul
Zin
The Shining One


Innate Abilities, Weirdness & Mutations

You cannot be hasted, slowed, berserked, paralysed or teleported.
You can dig through walls and to a lower floor.
You have a pair of large antennae on your head. (SInv)
Your four strong arms can wield two-handed weapons with a shield.


Message History

Aim: a freezing wraith (about 35% to evade your +0 glaive)
You reach to attack!
You closely miss the freezing wraith.
A cane toad simulacrum comes into view.
Unknown command.
Reach: I) +0 glaive
Press: ? - help, Dir - move target, f/p - freezing wraith
Aim: a freezing wraith (about 35% to evade your +0 glaive)
You barely miss the freezing wraith. You block the freezing wraith's attack.
The freezing wraith hits you but does no damage.
The freezing wraith hits you. The freezing wraith freezes you! You resist.
The freezing wraith barely misses you.
You hit the freezing wraith but do no damage.
The freezing wraith hits you. The freezing wraith freezes you! You resist.
You block the freezing wraith's attack.
You barely miss the freezing wraith. The cane toad simulacrum hits you!
The cane toad simulacrum freezes you. You resist.
You block the freezing wraith's attack. The freezing wraith closely misses you.
You slash the freezing wraith!
The freezing wraith is moderately damaged.
The cane toad simulacrum hits you! The cane toad simulacrum freezes you!
You resist. You block the freezing wraith's attack.
The freezing wraith hits you!
You hit the freezing wraith.
The freezing wraith is moderately damaged.
The cane toad simulacrum hits you!
* * * LOW HITPOINT WARNING * * *
The cane toad simulacrum freezes you! You resist.
* * * LOW HITPOINT WARNING * * *
You block the freezing wraith's attack.
The freezing wraith completely misses you.
You feel better.
You block the cane toad simulacrum's attack.
The freezing wraith closely misses you. x2
You feel very mighty all of a sudden. The cane toad simulacrum hits you!
* * * LOW HITPOINT WARNING * * *
The cane toad simulacrum freezes you. You resist.
* * * LOW HITPOINT WARNING * * *
The freezing wraith hits you.
You die...

####### #######
#....@## ##..$(!#{ .
#....ZW###.....$# ..
#.......#...{{..#...
#.∩..∩.............
#.......#.......#
#......###.....(#{
#.....## ##..??$#
####### #######


You could see a freezing wraith and a cane toad simulacrum.

Vanquished Creatures
  2 two-headed ogres
  Psyche (D:9)
  Maggie (D:9)
  4 trolls
  Grinder (D:5)
  2 wraiths (D:10)
  Sigmund (D:2)
  3 wyverns (D:10)
  6 yaks (D:9)
  Eustachio (D:5)
  A basilisk (D:10)
  Menkaure (D:5)
  3 wargs (Orc:1)
  A hydra simulacrum (IceCv)
  6 water moccasins
  7 black bears
  3 ice beasts
  7 orc warriors
  A sky beast (D:6)
  8 ogres
  5 kobold brigands
  3 bullfrogs
  3 scorpions
  5 gnoll sergeants
  9 wights
  An elephant simulacrum (IceCv)
  5 killer bees (D:7)
  2 howler monkeys (D:9)
  4 jellies
  6 orc priests
  2 hounds (D:5)
  A gnoll bouda (D:9)
  4 iguanas
  11 orc wizards
  A polar bear simulacrum (IceCv)
  23 gnolls
  11 adders
  A shadow imp (D:5)
  A white imp (D:6)
  2 ufetubi (D:5)
  7 dart slugs
  54 orcs
  7 ball pythons
  2 bats
  9 endoplasms
  4 giant cockroaches
  2 hobgoblins
  7 jackals
  5 quokkas
  4 frilled lizards
  6 goblins
  21 kobolds
  4 rats
292 creatures vanquished.

Vanquished Creatures (others)
  An orc wizard (Orc:1)
1 creature vanquished.

Grand Total: 293 creatures vanquished

Notes
Turn   | Place    | Note
-------+----------+-------------------------------------------
     0 | D:1      | greasedhog the Formicid Fighter began the quest for the
                  | Orb.
     0 | D:1      | Reached XP level 1. HP: 18/18 MP: 1/1
    79 | D:1      | Reached XP level 2. HP: 22/24 MP: 2/2
   588 | D:2      | Reached skill level 3 in Polearms
   588 | D:2      | Reached XP level 3. HP: 30/30 MP: 3/3
   733 | D:2      | Reached XP level 4. HP: 37/37 MP: 4/4
  1166 | D:2      | Noticed Sigmund
  1171 | D:2      | Killed Sigmund
  1172 | D:2      | Reached skill level 5 in Polearms
  1172 | D:2      | Reached XP level 5. HP: 32/43 MP: 5/5
  1172 | D:2      | Reached XP level 6. HP: 37/50 MP: 6/6
  1521 | D:3      | Found an ornate altar of the Wu Jian Council.
  1527 | D:3      | Reached skill level 5 in Fighting
  1720 | D:3      | Found an opulent altar of Gozag.
  1724 | D:3      | Found a shimmering blue altar of Sif Muna.
  1729 | D:3      | Found a sacrificial altar of Ru.
  1912 | D:4      | HP: 2/51 [orc/+0 hand axe (4)]
  2213 | D:4      | Reached skill level 6 in Polearms
  2213 | D:4      | Reached XP level 7. HP: 56/56 MP: 7/7
  2735 | D:4      | Found a shimmering altar of Xom.
  2796 | D:5      | Entered Level 5 of the Dungeon
  2796 | D:5      | Noticed Grinder
  2802 | D:5      | Killed Grinder
  2803 | D:5      | Reached skill level 7 in Polearms
  2803 | D:5      | Reached XP level 8. HP: 56/64 MP: 8/8
  2994 | D:5      | Noticed Menkaure
  2997 | D:5      | Killed Menkaure
  2998 | D:5      | Reached skill level 8 in Polearms
  3472 | D:5      | Reached XP level 9. HP: 63/72 MP: 9/9
  3754 | D:5      | Found an iron altar of Okawaru.
  3765 | D:5      | Noticed Eustachio
  3768 | D:5      | Killed Eustachio
  3769 | D:5      | Reached skill level 9 in Polearms
  4546 | D:6      | Reached skill level 10 in Polearms
  4988 | D:7      | Found a staircase to the Ecumenical Temple.
  5008 | Temple   | Entered the Ecumenical Temple
  5100 | Temple   | Became a worshipper of Qazlal Stormbringer
  5206 | D:7      | Identified the +11 war axe of Uskayaw's Outrage {drain,
                  | rPois rN+ Will-}
  6047 | D:7      | Reached XP level 10. HP: 21/78 MP: 10/10
  6144 | D:7      | Reached skill level 11 in Polearms
  6444 | D:7      | Noticed a two-headed ogre
  6453 | D:7      | Killed a two-headed ogre
  7367 | D:8      | Reached skill level 12 in Polearms
  7613 | D:9      | Noticed Maggie
  7622 | D:9      | Killed Maggie
  7694 | D:8      | Reached * piety under Qazlal
  7761 | D:9      | Reached skill level 10 in Fighting
  7933 | D:9      | Found a hazy altar of Hepliaklqana.
  7939 | D:9      | Found a shadowy altar of Dithmenos.
  7997 | D:9      | Noticed Psyche
  8010 | D:9      | Killed Psyche
  8239 | D:9      | Noticed a two-headed ogre
  8249 | D:9      | Killed a two-headed ogre
  8250 | D:9      | Reached XP level 11. HP: 43/92 MP: 11/11
  8467 | D:9      | Reached skill level 13 in Polearms
  8969 | D:9      | Found a staircase to the Orcish Mines.
  9037 | D:8      | Reached ** piety under Qazlal
  9038 | D:8      | Reached skill level 5 in Armour
  9273 | D:9      | Reached skill level 14 in Polearms
  9488 | D:10     | Entered Level 10 of the Dungeon
 10036 | D:10     | Found a staircase to the Lair.
 10528 | Orc:1    | Entered Level 1 of the Orcish Mines
 10726 | Orc:1    | Reached XP level 12. HP: 98/98 MP: 12/12
 10748 | Orc:1    | Reached *** piety under Qazlal
 10781 | Orc:1    | Found a frozen archway.
 10788 | IceCv    | Entered an ice cave
 10799 | IceCv    | Reached skill level 15 in Polearms
 10858 | IceCv    | HP: 3/98 [cane toad simulacrum (6)]
 10858 | IceCv    | Slain by a freezing wraith

Illustrated notes

Levels and vault maps discovered:
D:1:      lightli_arrival_chessboard, layout_basic
D:2:      layout_loops_ring, uniq_sigmund
D:3:      layout_rooms, nicolae_wu_jian_wuxing_cycle,
          grunt_temple_overflow_diamond
D:4:      layout_cave_pools, tgw_xom, kennysheep_generic_room_7
D:5:      minmay_skewed_foursquare, layout_gridville, mainiacjoe_overflow_paths,
          grunt_tough_drop, uniq_grinder, uniq_eustachio, uniq_menkaure
D:6:      layout_rooms
D:7:      layout_gridville, minmay_temple_entry_offerings, centaur_isle
D:8:      layout_cave_pools, roderic_lattice_a
D:9:      layout_irregular_city, riverfiend_overflow_shadow_ancestor,
          kennysheep_orc_monster_closet_entryway, minmay_misc_feat_tower,
          uniq_psyche, uniq_maggie
D:10:     layout_loops_ring, minmay_lair_entry_grove
Temple:   jpeg_temple_clearing
Orc:1:    dreamdust_dug_too_deep, layout_diamond_mine,
          portal_ice_cave_entry_pillars_2
IceCv:    ice_cave_statue_garden_chambered

Skill      XL: |  1  2  3  4  5  6  7  8  9 10 11 12 |
---------------+-------------------------------------+-----
Polearms       | 3 5 6 7 8 10 12 14 15 | 15.0
Fighting       | 4 5 6 7 8 10 | 10.5
Armour         | 6 |  6.9
Shields        | |  4.0

Action                     |  1- 3 |  4- 6 |  7- 9 | 10-12 || total
---------------------------+-------+-------+-------+-------++-------
  Melee: Trident           |    99 |    26 |       |       ||   125
         Halberd           |       |    63 |   347 |   318 ||   728
         Unarmed           |       |       |       |     6 ||     6
         Glaive            |       |       |       |   159 ||   159
Ability: Dig               |       |       |     4 |     1 ||     5
  Evoke: Wand              |       |       |     1 |     5 ||     6
    Use: Scroll            |     2 |     1 |     5 |     1 ||     9
         Potion            |       |     2 |     5 |     3 ||    10
   Stab: Distracted        |       |     1 |       |       ||     1
 Armour: Scale mail        |    30 |    44 |    36 |       ||   110
         Chain mail        |       |       |   122 |   145 ||   267
  Dodge: Dodged            |    29 |    57 |   183 |   193 ||   462
  Block: Buckler           |    23 |    23 |   107 |    22 ||   175
         Kite shield       |       |       |       |   187 ||   187
